 Dungeon Sprint DCSS version 0.17-a0-1248-g117de50 (webtiles) character file.

1444 Kidiri the Covert (level 8, -5/44 HPs)
             Began as a Spriggan Assassin on June 5, 2015.
             Slain by a polar bear (23 damage)
             ... in the Dungeon (Sprint II: "The Violet Keep of Menkaure").
             The game lasted 00:13:05 (1153 turns).

Kidiri the Covert (Spriggan Assassin)               Turns: 1153, Time: 00:13:05

Health: -5/44      AC:  4    Str:  7    XL:     8   Next: 46%
Magic:  13/13      EV: 30    Int: 13    God:
Gold:   17         SH:  0    Dex: 19    Spells: 3 memorised, 6 levels left

rFire  . . .     SeeInvis +     a - +2 dagger
rCold  . . .     Clarity  .     h - +0 robe (curse)
rNeg   . . .     SustAt   .     (shield restricted)
rPois  .         Gourm    .     (helmet restricted)
rElec  .         Spirit   .     q - +1 cloak
rCorr  .         Warding  .     (gloves unavailable)
rMut   .         NoTele   +     (boots unavailable)
MR     +....                    (no amulet)
Stlth  ++++......               (no ring)
                                r - ring of stealth

@: very quick, somewhat resistant to hostile enchantments, stealthy
A: unfitting armour, see invisible, herbivore 3, speed 3, slow metabolism 2
a: no special abilities


You were in the Dungeon.
You were not hungry.

You visited 1 branch You collected 972 gold pieces.
You spent 955 gold pieces at shops.

Inventory:

Hand weapons
 a - a +2 dagger (weapon)
 b - a +0 blowgun
Armour
 c - a +0 robe
 d - a +0 cloak
 h - a cursed +0 robe (worn)
 q - a +1 cloak (worn)
Jewellery
 r - a ring of stealth (left hand)
Scrolls
 l - a scroll of remove curse
 m - 2 scrolls of blinking
 n - a scroll of fear
 o - a scroll of identify
Potions
 j - a potion of haste
 k - 2 potions of magic
Books
 i - a book of Maledictions

   Spells                             Type                      Level
   a - Corona                         Hexes                        1
   b - Ensorcelled Hibernation        Hexes/Ice                    2
   c - Confuse                        Hexes                        3
   d - Tukima's Dance                 Hexes                        3
   e - Dazzling Spray                 Conjuration/Hexes            3
Comestibles
 g - a bread ration


   Skills:
 + Level 5.7 Fighting
 * Level 10.4 Short Blades
 + Level 7.4 Throwing
 * Level 12.8 Dodging
 * Level 14.8 Stealth
 * Level 2.9 Spellcasting
 * Level 3.0 Hexes


You had 6 spell levels left.
You knew the following spells:

 Your Spells              Type           Power        Failure   Level  Hunger
a - Corona                Hex            #......      10%         1    #......
b - Ensorcelled Hibernat  Hex/Ice        #.....       21%         2    ###....
c - Confuse               Hex            #.......     21%         3    ###....


Dungeon Overview and Level Annotations

Branches:
Dungeon (1/1)

Altars:
Cheibriados
Dithmenos
Elyvilon
Fedhas
Gozag
Nemelex Xobeh
Okawaru
Qazlal
Sif Muna
Trog
Vehumet
Yredelemnul
Zin
Jiyva
Lugonu

Shops:
D =::[:!}?%!=}[[(%

Annotations:
D exclusion: oklob plant, Kirke, Roxanne


Innate Abilities, Weirdness & Mutations

You are tiny and cannot use many weapons and most armour.
You have supernaturally acute eyesight.
You are a herbivore.
You cover ground extremely quickly.
You need consume almost no food.


Message History

You hit the polar bear but do no damage.
The polar bear is heavily wounded.
You hit the polar bear.
The polar bear is severely wounded.
The polar bear stops glowing.
The polar bear barely misses you.
The polar bear completely misses you. x2
You hit the polar bear but do no damage.
The polar bear is severely wounded.
Casting: Corona
Confirm with . or Enter, or press ? or * to list all spells.
Okay, then.
Unknown command.
Your unstable footing causes you to fumble your attack.
The polar bear goes berserk!
Your unstable footing causes you to fumble your attack.
You hit the polar bear but do no damage.
The polar bear is severely wounded.
The polar bear bites you!!
Ouch! That really hurt!
You die...

#. ### +.### :▓$!$[???%▓▓
..# ...####▓!?!)??[%▓▓
..## #..##$#▓($(?)?()▓▓
#..# +..#..#▓([[([[??▓▓
#..# #..#hh#▓($!)!?((▓▓
+..####..##(#▓?(%$!!?(▓▓
#....###^.†##▓▓▓▓▓▓▓+▓▓▓▓
#..§...≈≈≈≈≈(hch@≈≈≈...≈≈
≈≈§....≈#+########+###.≈X
≈≈≈§≈..≈#........#tt§#
≈≈≈§≈≈.≈#....⌠._.#§≈≈≈
≈≈≈≈§≈≈≈#..._._._#§§§§≈#
≈≈≈§≈≈≈≈#.._._._.#§§§§§§
≈§§≈§≈§≈#._._._._#§≈§§§§
§≈§###≈≈#_._._._.#§§§§§§


You could see 2 polar bears, a yaktaur and 2 crocodiles.

Vanquished Creatures
  A siren (D)
  A polar bear (D)
  Menkaure (D)
  2 hippogriffs (D)
  A wasp (D)
  A crocodile (D)
  4 necrophages (D)
  3 worms (D)
14 creatures vanquished.

Notes
Turn   | Place    | Note
--------------------------------------------------------------
     0 | D        | Kidiri the Spriggan Assassin began the quest for the Orb.
     0 | D        | Reached XP level 1. HP: 10/10 MP: 2/2
     1 | D        | Noticed a siren
     4 | D        | Noticed a necrophage
     4 | D        | Noticed a necrophage
     4 | D        | Noticed a necrophage
     4 | D        | Noticed a necrophage
    15 | D        | Killed a necrophage
    15 | D        | Reached skill level 5 in Dodging
    15 | D        | Reached skill level 8 in Stealth
    15 | D        | Reached XP level 2. HP: 16/16 MP: 3/3
    15 | D        | Reached XP level 3. HP: 19/19 MP: 4/4
    15 | D        | Reached XP level 4. HP: 23/23 MP: 5/5
    22 | D        | Killed a necrophage
    22 | D        | Reached skill level 9 in Stealth
    22 | D        | Reached XP level 5. HP: 28/28 MP: 6/6
    48 | D        | Killed a necrophage
    48 | D        | Reached skill level 5 in Throwing
    48 | D        | Reached skill level 10 in Stealth
    62 | D        | Killed a necrophage
    62 | D        | Reached skill level 11 in Stealth
    62 | D        | Reached XP level 6. HP: 25/31 MP: 7/7
   127 | D        | Noticed a hippogriff
   127 | D        | Noticed a hippogriff
   175 | D        | Killed a siren
   175 | D        | Reached skill level 5 in Fighting
   175 | D        | Reached skill level 13 in Stealth
   175 | D        | Reached XP level 7. HP: 34/37 MP: 8/8
   415 | D        | Killed a hippogriff
   428 | D        | Killed a hippogriff
   428 | D        | Reached skill level 14 in Stealth
   579 | D        | Noticed Roxanne
   581 | D        | Noticed Menkaure
   582 | D        | Found Lebyfasiem's Antique Weapon Boutique.
   582 | D        | Found Yjenulat's Food Shop.
   583 | D        | Killed Menkaure
   583 | D        | Reached skill level 10 in Short Blades
   583 | D        | Reached XP level 8. HP: 42/42 MP: 9/9
   584 | D        | Found Varr's Antique Armour Boutique.
   584 | D        | Found Suskuzau's Antique Armour Shop.
   585 | D        | Found Vafax's Jewellery Boutique.
   585 | D        | Found Per Erel's Gadget Shop.
   586 | D        | Found Ruezum's Distillery.
   587 | D        | Found Riyvaos's Magic Scroll Shop.
   587 | D        | Found Gianor's Food Boutique.
   588 | D        | Found Seseykhli's Gadget Shop.
   588 | D        | Found Nemomeg's Distillery.
   588 | D        | Noticed a spiny frog
   593 | D        | Found Heruul's Book Boutique.
   593 | D        | Found Saemeiv's Antique Armour Shop.
   593 | D        | Noticed a spiny frog
   593 | D        | Noticed an oklob plant
   594 | D        | Found Xahupriju's Book Shop.
   594 | D        | Found Imusomn's Book Shoppe.
   594 | D        | Found Ritriyr's Jewellery Boutique.
   609 | D        | Bought an embroidered robe for 19 gold pieces
   622 | D        | Noticed a soldier ant
   625 | D        | Noticed a soldier ant
   647 | D        | Bought a book of Maledictions for 300 gold pieces
   649 | D        | Learned a level 1 spell: Corona
   652 | D        | Learned a level 2 spell: Ensorcelled Hibernation
   653 | D        | Noticed an ice dragon
   656 | D        | Learned a level 3 spell: Confuse
   697 | D        | Bought a scroll of remove curse for 30 gold pieces
   697 | D        | Bought a scroll of blinking for 75 gold pieces
   697 | D        | Bought a scroll of fear for 35 gold pieces
   697 | D        | Bought a scroll of identify for 20 gold pieces
   707 | D        | Bought a potion of haste for 110 gold pieces
   707 | D        | Bought a potion of curing for 33 gold pieces
   707 | D        | Bought a potion of curing for 33 gold pieces
   711 | D        | Bought a glowing cloak for 108 gold pieces
   731 | D        | Bought an uncursed ring of stealth for 192 gold pieces
   746 | D        | Noticed a vampire mosquito
   794 | D        | Noticed an electric eel
   794 | D        | Noticed an electric eel
   794 | D        | Noticed an electric eel
   794 | D        | Noticed an electric eel
   794 | D        | Noticed an electric eel
   796 | D        | Noticed an electric eel
   796 | D        | Noticed an electric eel
   806 | D        | Noticed an electric eel
  1063 | D        | Noticed a centaur warrior
  1063 | D        | Noticed Kirke
  1063 | D        | Noticed a yaktaur captain
  1064 | D        | Noticed a skeletal warrior
  1076 | D        | Found a glowing silver altar of Zin.
  1077 | D        | Found a blossoming altar of Fedhas.
  1077 | D        | Found a radiant altar of Vehumet.
  1077 | D        | Found a viscous altar of Jiyva.
  1078 | D        | Found a deep blue altar of Sif Muna.
  1078 | D        | Found an iron altar of Okawaru.
  1079 | D        | Found a stormy altar of Qazlal.
  1079 | D        | Found a bloodstained altar of Trog.
  1080 | D        | Found an opulent altar of Gozag.
  1080 | D        | Found a shadowy altar of Dithmenos.
  1081 | D        | Found a corrupted altar of Lugonu.
  1081 | D        | Found a white marble altar of Elyvilon.
  1082 | D        | Found a basalt altar of Yredelemnul.
  1082 | D        | Found a sparkling altar of Nemelex Xobeh.
  1083 | D        | Noticed a yaktaur
  1083 | D        | Noticed a wasp
  1083 | D        | Noticed a polar bear
  1084 | D        | Noticed a polar bear
  1084 | D        | Noticed a polar bear
  1085 | D        | Killed a polar bear
  1088 | D        | Noticed a crocodile
  1096 | D        | Found a snail-covered altar of Cheibriados.
  1097 | D        | Killed a wasp
  1105 | D        | Noticed a crocodile
  1108 | D        | Killed a crocodile
  1121 | D        | Noticed a kraken
  1142 | D        | Noticed a crocodile
  1153 | D        | Slain by a polar bear

Vault maps used:
D:        the_violet_keep_of_menkaure

Action                   |  1- 3 |  4- 6 |  7- 9 || total
-------------------------+-------+-------+-------++-------
Melee: Dagger            |     8 |    59 |    65 ||   132
 Fire: Blowgun           |       |       |    19 ||    19
 Cast: Corona            |       |       |     6 ||     6
  Use: Potion            |     1 |     2 |     3 ||     6
 Stab: Sleeping          |       |     3 |     2 ||     5
       Distracted        |       |       |     1 ||     1
